 Dungeon Crawl Stone Soup version 0.31.0-9-g3a7656b989 (webtiles) character file.

Game seed: 15382514334988793261

20 qw the Shooter (level 2, 0/24 HPs)
             Began as a Demigod Hunter on Feb 2, 2024.
             Succumbed to their own poison gas
             ... on level 1 of the Dungeon.
             The game lasted 00:00:01 (731 turns).

qw the Shooter (Demigod Hunter)                      Turns: 731, Time: 00:00:02

Health: 0/24       AC:  5    Str: 12    XL:     2   Next: 42%
Magic:  4/4        EV: 10    Int: 11    God:
Gold:   79         SH:  0    Dex: 17    Spells: 1/1 levels left

rFire   . . .        a - +0 shortbow
rCold   . . .        (shield currently unavailable)
rNeg    . . .        f - +0 ring mail
rPois   .            (no helmet)
rElec   .            (no cloak)
rCorr   .            (no gloves)
SInv    .            (no boots)
Will    .....        (no amulet)
Stlth   +            (no ring)
HPRegen 0.24/turn    (no ring)
MPRegen 0.09/turn

%: no passive effects
@: lethally poisoned (0 -> -5)
A: high MP 1, forlorn, divine attributes
a: no special abilities


You were on level 1 of the Dungeon.
You visited 1 branch of the dungeon, and saw 1 of its levels.

You collected 79 gold pieces.


Innate Abilities, Weirdness & Mutations

You have an increased reservoir of magic. (+10% MP)
You shall have no god before yourself.
Your divine heritage dramatically boosts your attributes as you level up.


   Skills:
 - Level 2.0 Fighting
 + Level 4.2 Ranged Weapons
 - Level 1.7 Dodging
 - Level 0.8 Stealth


You had one spell level left.
You didn't know any spells.
Your spell library was empty.

Inventory:

Hand Weapons
 a - a +0 shortbow (weapon)
Armour
 f - a +0 ring mail (worn)
Potions
 h - a potion of resistance
 j - a potion of curing {unknown}

Dungeon Overview and Level Annotations

Branches:
Dungeon (1/15)

Shops:
D:1 (


Message History

721 ||| IDENTIFYING fuming coppery potion
As you read the scroll of identify, it crumbles to dust.
i - a potion of lignification Done exploring.
722 ||| DROPPING scroll of butterflies.
You drop a scroll of butterflies.
Done exploring.
723 ||| DROPPING scroll of noise.
You drop a scroll of noise.
Done exploring.
724 ||| DROPPING potion of lignification.
You drop a potion of lignification.
Done exploring.
What level of the Dungeon? (default 1, ? - help) Sorry, I don't know how to get there.
Enter note:
Enter note:
Enter note:
Enter note:
Enter note:
Enter note:
Enter note:
Enter note:
Enter note:
Enter note:
Enter note:
Enter note: You are engulfed in poison gas.
You are poisoned.
You feel very sick.
726 ||| Stepping ~*~*~tactically~*~*~ (cloud).
You feel very sick.
Items here: ! ?? [.
There is a lethal amount of poison in your body!
You feel very sick.
There is a lethal amount of poison in your body!
You feel sick.
There is a lethal amount of poison in your body!
You feel sick.
There is a lethal amount of poison in your body!
You feel sick.
There is a lethal amount of poison in your body!
You die...

#####...#######.# #
#0...######.# #
#00.........#
#.##.#############
#0##.#............
#0##.#............
#ยค##.#...#####..##
#.##.#...# #..#
#@##.#...# #..##
#00..#...#####....
######............
#...#####.... #...#
#.... #...# #.(..
#...# ###..
#...#######..
#............


There were no monsters in sight!

Vanquished Creatures
  3 bats (D:1)
  2 endoplasms (D:1)
  A goblin (D:1)
  3 hobgoblins (D:1)
  5 kobolds (D:1)
  2 ball pythons (D:1)
  A frilled lizard (D:1)
  A rat (D:1)
18 creatures vanquished.

Notes
Turn   | Place    | Note
-------+----------+-------------------------------------------
     0 | D:1      | qw the Demigod Hunter began the quest for the Orb.
     0 | D:1      | Reached XP level 1. HP: 17/17 MP: 3/3
     0 | D:1      | 0 ||| qw: Version: 0.3-a-155-g5e7d8dd
     0 | D:1      | 0 ||| qw: Game counter: 422
     0 | D:1      | 0 ||| qw: Melee chars always use a shield: true
     0 | D:1      | 0 ||| qw: God list: Okawaru
     0 | D:1      | 0 ||| qw: Allow faded altars: false
     0 | D:1      | 0 ||| qw: Do Orc after clearing Dungeon:15 true
     0 | D:1      | 0 ||| qw: Do second Lair branch before Depths: true
     0 | D:1      | 0 ||| qw: Lair rune preference: random
     0 | D:1      | 0 ||| qw: Goals: Normal
     0 | D:1      | 0 ||| PLANNING D:1-11
   118 | D:1      | Reached skill level 4 in Ranged Weapons
   138 | D:1      | Reached XP level 2. HP: 24/24 MP: 4/4
   164 | D:1      | Found Onodd's Antique Weapon Shoppe.
   706 | D:1      | 706 ||| UPGRADING to +0 ring mail.
   716 | D:1      | 716 ||| DROPPING +0 leather armour.
   717 | D:1      | 717 ||| READING scroll labelled PAM QETEVAGO.
   718 | D:1      | 718 ||| READING 2 scrolls labelled GOGREMU LAXKU.
   719 | D:1      | 719 ||| READING scroll labelled BOISIUZIUKE.
   720 | D:1      | 720 ||| READING 2 scrolls labelled SOIBOA NAKYWK.
   720 | D:1      | 720 ||| IDENTIFYING viscous silvery potion
   721 | D:1      | 721 ||| READING scroll of identify.
   721 | D:1      | 721 ||| IDENTIFYING fuming coppery potion
   722 | D:1      | 722 ||| DROPPING scroll of butterflies.
   723 | D:1      | 723 ||| DROPPING scroll of noise.
   724 | D:1      | 724 ||| DROPPING potion of lignification.
   726 | D:1      | 726 ||| Stepping ~*~*~tactically~*~*~ (cloud).
   727 | D:1      | HP: 6/24 [poisoned by you (poison gas)]
   729 | D:1      | HP: 2/24 [poisoned by you (poison gas)]
   731 | D:1      | Succumbed to their own poison gas

Levels and vault maps discovered:
D:1:      dpeg_arrival_boxes_within_box, layout_basic, serial_shops, shop,
          minmay_box_of_dots

Skill      XL: |  1 |
---------------+----+-----
Ranged Weapons | 4 |  4.2
Fighting       | 2 |  2.0
Dodging        | |  1.7
Stealth        | |  0.8

Action                     || total
---------------------------++-------
   Fire: Shortbow          ||    33
    Use: Scroll            ||     5
 Armour: Leather armour    ||     3
  Dodge: Dodged            ||     6

Table legend:
 A = Non-vault XP
 B = Vault XP
 C = Vault XP percentage of total XP
 D = Non-vault monster count
 E = Vault monster count
 F = Vault count percentage of total count
                 A         B        C        D         E       F
            +---------+---------+-------+---------+---------+-------
      Total |      25 |       4 |  13.8 |      16 |       2 |  11.1
            +---------+---------+-------+---------+---------+-------
        D:1 |      25 |       4 |  13.8 |      16 |       2 |  11.1
            +---------+---------+-------+---------+---------+-------
